 Dungeon Crawl Stone Soup version 0.31-a0-210-gccc998df9b (webtiles) character file.

Game seed: 6656112791699066851

58 qw the Shooter (level 4, 0/26 HPs)
             Began as a Gargoyle Hexslinger on June 30, 2023.
             Slain by an orc
             ... wielding a +0 trident
              (5 damage)
             ... on level 3 of the Dungeon.
             The game lasted 00:00:41 (1037 turns).

qw the Shooter (Gargoyle Hexslinger)                Turns: 1037, Time: 00:00:42

Health: 0/26       AC:  5    Str: 11    XL:     4   Next: 1%
Magic:  5/5        EV: 12    Int: 14    God:
Gold:   87         SH:  0    Dex: 14    Spells: 4/5 levels left

rFire   . . .        Y - +1 sling
rCold   . . .        (no shield)
rNeg    + . .        c - +0 robe
rPois   inf          (no helmet)
rElec   +            (no cloak)
rCorr   .            (no gloves)
SInv    .            (no boots)
Will    .....        (no amulet)
Stlth   +            (no ring)
HPRegen 0.24/turn    (no ring)
MPRegen 0.09/turn

%: no passive effects
@: confused
A: sickness immunity, AC +3, negative energy resistance 1, electricity
resistance, torment resistance 1, petrification resistance
a: no special abilities


You were on level 3 of the Dungeon.
You visited 1 branch of the dungeon, and saw 3 of its levels.

You collected 87 gold pieces.


Innate Abilities, Weirdness & Mutations

You are immune to sickness and miasma.
Your stone body is resilient. (AC +3)
You are immune to poison.
You resist negative energy. (rN+)
You are resistant to electric shocks. (rElec)
You are resistant to unholy torment.
You are immune to petrification.


   Skills:
 - Level 2.0 Fighting
 + Level 3.8 Ranged Weapons
 - Level 1.5 Dodging
 - Level 1.0 Spellcasting
 - Level 2.6 Hexes


You had 4 spell levels left.
You knew the following spells:

 Your Spells              Type           Power      Damage    Failure   Level
a - Slow                  Hex            32%        N/A       9%          1

Your spell library contained the following spells:

 Spells                   Type           Power      Damage    Failure   Level
 Inner Flame              Hex/Fire       4%         N/A       41%         3
 Portal Projectile        Hex/Tloc       8%         N/A       41%         3
 Cause Fear               Hex            4%         N/A       65%         4

Inventory:

Hand Weapons
 Y - a +1 sling (weapon)
Armour
 c - a +0 robe (worn)
Scrolls
 a - 2 scrolls of identify
Potions
 b - a potion of haste {unknown}
 d - a potion of degeneration {unknown}
 f - a potion of magic {unknown}
 g - 2 potions of enlightenment {unknown}

Dungeon Overview and Level Annotations

Branches:
Dungeon (2/15)

Altars:


Message History

The orc wizard closely misses you. The orc closely misses you.
You shoot a sling bullet. The sling bullet hits the orc wizard.
The orc wizard is moderately wounded.
The orc wizard barely misses you. The orc closely misses you.
You shoot a sling bullet.
The sling bullet barely misses the orc wizard.
The orc wizard hits you but does no damage.
The orc closely misses you.
You shoot a sling bullet.
The sling bullet closely misses the orc wizard.
The orc wizard hits you with a +0 dagger.
The orc hits you but does no damage.
You shoot a sling bullet. The sling bullet hits the orc wizard.
The orc wizard is moderately wounded.
The orc wizard misses you. The orc closely misses you.
The orc wizard hits you with a +0 dagger.
You shoot a sling bullet.
The sling bullet closely misses the orc wizard.
The orc barely misses you.
The orc wizard hits you but does no damage.
The orc closely misses you.
You shoot a sling bullet.
The sling bullet hits the orc wizard but does no damage.
The orc wizard is moderately wounded.
The orc wizard casts a spell at you.
You are confused.
The orc hits you from afar with a +0 trident.
The orc wizard hits you with a +0 dagger.
The orc closely misses you.
1034 ||| DRINKING potion of heal wounds.
You feel much better. The orc wizard misses you.
The orc hits you from afar with a +0 trident.
The orc wizard barely misses you. The orc barely misses you.
The orc wizard points at you and mumbles some strange words.
The puff of flame hits you.
The orc hits you from afar with a +0 trident.
The orc wizard hits you with a +0 dagger.
The orc hits you from afar with a +0 trident.
You die...

$... .....
......o#####################
.......'..>................#
.......###........########.#
..oo...# #..........######.#
.......# #....o...#.#....#.#
.......# #......o...#.##.#.#
.......###.....)@.###.##.#.#
.........#........#.#.##.#.#
.##..........)......#.##.#.#
#..........#.####.#.##.#.#
#..........#.#......##.#.#
#..........#.#.........#.#
#...##...###.#...####..#.#
#...########.#...# #..#.#
#.... .........######..#.#


You could see an orc wizard and an orc.

Vanquished Creatures
  An adder (D:2)
  A dart slug (D:1)
  2 orcs (D:3)
  3 endoplasms (D:1)
  4 giant cockroaches
  4 hobgoblins (D:1)
  A quokka (D:1)
  5 ball pythons
  3 bats
  A frilled lizard (D:1)
  8 goblins (D:1)
  5 kobolds
  4 rats (D:1)
42 creatures vanquished.

Notes
Turn   | Place    | Note
-------+----------+-------------------------------------------
     0 | D:1      | qw the Gargoyle Hexslinger began the quest for the Orb.
     0 | D:1      | Reached XP level 1. HP: 12/12 MP: 2/2
     0 | D:1      | 0 ||| qw: Version: 0.3-a-24-ga2abf7b
     0 | D:1      | 0 ||| qw: Game counter: 7053
     0 | D:1      | 0 ||| qw: Melee chars always use a shield: true
     0 | D:1      | 0 ||| qw: God list: Okawaru
     0 | D:1      | 0 ||| qw: Allow faded altars: false
     0 | D:1      | 0 ||| qw: Do Orc after clearing Dungeon:15 true
     0 | D:1      | 0 ||| qw: Do second Lair branch before Depths: true
     0 | D:1      | 0 ||| qw: Lair rune preference: random
     0 | D:1      | 0 ||| qw: Goals: Normal
     0 | D:1      | 0 ||| PLANNING D:1-11
    40 | D:1      | Reached XP level 2. HP: 10/16 MP: 3/3
   125 | D:1      | Reached skill level 3 in Ranged Weapons
   242 | D:1      | Reached XP level 3. HP: 21/21 MP: 4/4
   662 | D:1      | 662 ||| READING scroll labelled VAW UHAFAQAI.
   663 | D:1      | 663 ||| READING scroll labelled KETTEPH XYSH.
   664 | D:1      | 664 ||| DRINKING 3 viscous white potions.
   665 | D:1      | 665 ||| DROPPING scroll of poison.
   859 | D:2      | You fall into a shaft and drop 1 floor!
   864 | D:3      | 864 ||| PLANNING SEWER
   979 | D:3      | 979 ||| FLEEEEING.
   980 | D:3      | 980 ||| FLEEEEING.
   982 | D:3      | 982 ||| FLEEEEING.
   983 | D:3      | 983 ||| FLEEEEING.
   984 | D:3      | 984 ||| FLEEEEING.
   985 | D:3      | 985 ||| FLEEEEING.
   986 | D:3      | 986 ||| FLEEEEING.
   997 | D:3      | HP: 2/21 [something/puff of flame (9)]
   998 | D:3      | 998 ||| DRINKING 2 potions of heal wounds.
  1007 | D:3      | Reached XP level 4. HP: 16/26 MP: 5/5
  1033 | D:3      | HP: 3/26 [orc wizard/+0 dagger (4)]
  1034 | D:3      | 1034 ||| DRINKING potion of heal wounds.
  1037 | D:3      | Slain by an orc

Levels and vault maps discovered:
D:1:      mainiacjoe_arrival_reflecting_pool, layout_basic
D:2:      layout_basic, serial_shops, nicolae_shop_hallway_plus
D:3:      layout_basic, portal_sewer_entry_b

Skill      XL: |  1  2 |
---------------+-------+-----
Ranged Weapons | 3 |  3.8
Fighting       | 2 |  2.0
Dodging        | |  1.5
Spellcasting   | |  1.0
Hexes          | |  2.6

Action                     |  1- 3 |  4- 6 || total
---------------------------+-------+-------++-------
  Melee: Unarmed           |     5 |       ||     5
   Fire: Sling             |   164 |     6 ||   170
    Use: Potion            |     2 |     1 ||     3
         Scroll            |     2 |       ||     2
 Armour: Robe              |    28 |     4 ||    32
         Skin              |     3 |    12 ||    15
  Dodge: Dodged            |    54 |    32 ||    86

Table legend:
 A = Non-vault XP
 B = Vault XP
 C = Vault XP percentage of total XP
 D = Non-vault monster count
 E = Vault monster count
 F = Vault count percentage of total count
                 A         B        C        D         E       F
            +---------+---------+-------+---------+---------+-------
      Total |      83 |       0 |   0.0 |      42 |       0 |   0.0
            +---------+---------+-------+---------+---------+-------
        D:1 |      55 |       0 |   0.0 |      34 |       0 |   0.0
        D:2 |      20 |       0 |   0.0 |       5 |       0 |   0.0
        D:3 |       8 |       0 |   0.0 |       3 |       0 |   0.0
            +---------+---------+-------+---------+---------+-------
